 Dungeon Crawl Stone Soup version 0.31-a0-868-g674d60d6f7 (webtiles) character file.

Game seed: 16991278456957277105

67 retardedninja the Firebug (level 4, 0/24 HPs)
             Began as a Gargoyle Fire Elementalist on Oct 11, 2023.
             Slain by Ijyb
             ... wielding a +0 club
              (2 damage)
             ... on level 3 of the Dungeon.
             The game lasted 00:02:39 (2373 turns).

retardedninja the Firebug (GrFE)                    Turns: 2373, Time: 00:02:40

Health: 0/24       AC:  7    Str: 12    XL:     4   Next: 18%
Magic:  0/7        EV: 12    Int: 23    God:
Gold:   135        SH:  0    Dex: 10    Spells: 7/8 levels left

rFire   . . .        j - +1 long sword (venom)
rCold   . . .        (no shield)
rNeg    + . .        a - +0 robe
rPois   ∞            (no helmet)
rElec   +            c - +1 cloak
rCorr   .            (no gloves)
SInv    .            (no boots)
Will    .....        (no amulet)
Stlth   ++           f - +6 ring of intelligence
HPRegen 0.24/turn    (no ring)
MPRegen 0.10/turn

%: no passive effects
@: no status effects
A: sickness immunity, AC +3, negative energy resistance 1, electricity
resistance, torment resistance 1, petrification resistance
a: no special abilities


You were on level 3 of the Dungeon.
You visited 1 branch of the dungeon, and saw 3 of its levels.

You collected 135 gold pieces.

Inventory:

Hand Weapons
 j - a +1 long sword of venom (weapon)
Armour
 a - a +0 robe (worn)
 c - a +1 cloak (worn)
Jewellery
 f - a +6 ring of intelligence (left hand)
Wands
 q - a wand of flame (18)
Scrolls
 e - 2 scrolls of noise {unknown}
 h - a scroll of silence {unknown}
 i - 2 scrolls of identify {unknown}
 k - 2 scrolls of teleportation {unknown}
 n - a scroll of enchant weapon {unknown}
Potions
 b - a potion of magic
 d - 2 potions of curing {unknown}
 g - a potion of cancellation {unknown}
 l - a potion of attraction {unknown}
 m - a potion of berserk rage {unknown}
 o - a potion of degeneration {unknown}
 p - a potion of ambrosia {unknown}


   Skills:
 + Level 2.1 Dodging
 + Level 3.0 Stealth
 + Level 2.5 Spellcasting
 + Level 2.0 Conjurations
 + Level 3.4 Fire Magic


You had 7 spell levels left.
You knew the following spells:

 Your Spells              Type           Power      Damage    Failure   Level
a - Foxfire               Conj/Fire      60%        2x1d7     4%          1

Your spell library contained the following spells:

 Spells                   Type           Power      Damage    Failure   Level
 Scorch                   Fire           36%        2d6       4%          2
 Inner Flame              Hex/Fire       10%        N/A       19%         3
 Volatile Blastmotes      Fire/Tloc      20%        2d11      19%         3
 Flame Wave               Conj/Fire      15%        2d7       36%         4
 Alistair's Intoxication  Tmut/Pois      1%         N/A       98%         5
 Borgnjor's Vile Clutch   Necr/Erth      1%         N/A       98%         5
 Eringya's Noxious Bog    Tmut/Pois      1%         4d6       100%        6


Dungeon Overview and Level Annotations

Branches:
Dungeon (3/15)

Altars:
Wu Jian

Shops:
D:2 (

Annotations:
D:3 Ijyb


Innate Abilities, Weirdness & Mutations

You are immune to sickness and miasma.
Your stone body is resilient. (AC +3)
You are immune to poison.
You resist negative energy. (rN+)
You are resistant to electric shocks. (rElec)
You are resistant to unholy torment.
You are immune to petrification.


Message History

Press: ? - help, Q - select action, (/) - cycle Dir - look around, f - activate You conjure some foxfire!
The quokka completely misses you.
Ijyb screams, "Die!"
The foxfire hits Ijyb but does no damage.
Ijyb is heavily wounded.
The foxfire hits Ijyb.
Ijyb is heavily wounded.
The quokka barely misses you. Ijyb hits you with a +0 club.
* * * LOW HITPOINT WARNING * * *
Unknown command.
The quokka closely misses you. Ijyb misses you.
Casting: Foxfire (safe; 4% risk of failure)
Press: ? - help, Q - select action, (/) - cycle Dir - look around, f - activate You conjure some foxfire!
The quokka bites you but does no damage.
Ijyb hits you with a +0 club.
* * * LOW HITPOINT WARNING * * *
The foxfire hits Ijyb.
Ijyb is severely wounded.
The foxfire hits Ijyb but does no damage.
Ijyb is severely wounded.
The quokka closely misses you. Ijyb completely misses you.
The quokka misses you. The quokka barely misses you. Ijyb barely misses you.
Aiming: Throw Flame
Press: ? - help, Q - select action, (/) - cycle Shift-Dir - straight line, f - quokka
Aim: a quokka (56% to hit)
The puff of flame hits the quokka.
The quokka is almost dead.
The quokka barely misses you. Ijyb hits you but does no damage.
Aiming: Throw Flame
Press: ? - help, Q - select action, (/) - cycle Shift-Dir - straight line, f - Ijyb, p - quokka
Aim: Ijyb, wielding a +0 club, wearing a +0 ring mail and carrying a wand of acid (severely wounded, 64% to hit)
The puff of flame hits Ijyb.
Ijyb is severely wounded.
The quokka bites you.
* * * LOW HITPOINT WARNING * * *
Ijyb hits you with a +0 club.
You die...

...# #.#####.#####.. ##.#
#.# #.# #.#####.#####.#
##..........##.#
.........##.##.#
#######........# .#
#..##.....# .#
#...).....####### .#
##.#......@r....# .#
#.#.......g.##......) .#
#.#......##.######.## .##
#............#
..######.#.##.#.###.#####.#
...........##.#.##........#
...#####.####.#.##..#######
...# #............## ≈..#
#.####.#......#


You could see Ijyb and a quokka.

Vanquished Creatures
  2 adders (D:2)
  6 ball pythons
  8 endoplasms
  4 goblins
  2 hobgoblins (D:2)
  3 jackals (D:1)
  6 kobolds
  4 quokkas
  3 bats
  A frilled lizard (D:1)
  4 rats
43 creatures vanquished.

Vanquished Creatures (collateral kills)
  18 foxfires (D:1)
18 creatures vanquished.

Vanquished Creatures (others)
  155 foxfires
155 creatures vanquished.

Grand Total: 216 creatures vanquished

Notes
Turn   | Place    | Note
-------+----------+-------------------------------------------
     0 | D:1      | retardedninja the Gargoyle Fire Elementalist began the
                  | quest for the Orb.
     0 | D:1      | Reached XP level 1. HP: 10/10 MP: 3/3
   200 | D:1      | Reached XP level 2. HP: 15/15 MP: 1/5
   797 | D:1      | Reached XP level 3. HP: 19/19 MP: 4/6
  1459 | D:2      | Reached XP level 4. HP: 24/24 MP: 5/7
  1737 | D:2      | Found Bolaerio's Weapon Boutique.
  2181 | D:3      | Found an ornate altar of the Wu Jian Council.
  2351 | D:3      | Noticed Ijyb
  2373 | D:3      | Slain by Ijyb

Illustrated notes

Levels and vault maps discovered:
D:1:      lightli_arrival_windingriver, layout_rooms, minmay_hedge_maze
D:2:      layout_loops_ring, serial_shops, nicolae_shop_tiny_real_fake_doors
D:3:      layout_loops_ring, mainiacjoe_overflow_chevrons, marbit_many_paths,
          uniq_ijyb

Skill      XL: |  1  2  3  4 |
---------------+-------------+-----
Dodging        | 2 |  2.1
Stealth        | 3 |  3.0
Conjurations   | 2 |  2.0
Spellcasting   | |  2.5
Fire Magic     | |  3.4

Action                     |  1- 3 |  4- 6 || total
---------------------------+-------+-------++-------
  Melee: Unarmed           |    11 |       ||    11
         Long sword        |     6 |       ||     6
   Cast: Foxfire           |    83 |    28 ||   111
  Evoke: Wand              |       |     2 ||     2
 Armour: Robe              |    41 |    10 ||    51
  Dodge: Dodged            |    44 |    13 ||    57

Table legend: (Time is in decaauts)
 A = Elapsed time spent in this place.
 B = Non-inter-level travel time spent in this place.
 C = Inter-level travel time spent in this place.
 D = Time resting spent in this place.
 E = Time spent auto-exploring this place.
 F = Levels seen in this place.
 G = Mean time per level.
                   A        B        C        D        E       F      G
               +--------+--------+--------+--------+--------+-----+--------+
         Total |   2374 |   2355 |     19 |      0 |   1937 |   3 |  791.3 |
       Dungeon |   2374 |   2355 |     19 |      0 |   1937 |   3 |  791.3 |
               +--------+--------+--------+--------+--------+-----+--------+

Top non-repeatable levels by time:
     D:1: 1204 daAuts
     D:2: 978 daAuts
     D:3: 191 daAuts
